cohdb
Replays
Latest Replays
All Replays
Popular Replays
Top Player Replays
Match Explorer
How It Works
Community
CoH3 Stats
Reddit
Sign in to upload your games and track your stats! →
Sign in with Steam
Match 47048427
Unlisted
Match 47048427
Overview
Messages
Build Orders
End
Kradschützen Motorcycle Team
Panzerpioneer Squad
Selects Armored Support Battlegroup
Panzerpioneer Squad
250 Light Carrier
Construct Light Support Kompanie
Panzerjäger Squad
Fire Support Elements
Pak 38 Anti-tank Gun Team
le.IG 18 Support Gun Team
Combat Half-tracks
Selects Veteran Gunners
le.IG 18 Support Gun Team
2.5-tonne Medical Truck
MG34 Team
Forward Retreat Point
AI Takeover
Cloud
爱飘柔爱拉登
起舞
Helowen
iceman
Nomercu
momo
kusitomato
0
0
Comments
sign in to comment!
No comments posted yet!